 Dungeon Crawl Stone Soup version 0.28-a0-1594-ga885d4b3d6 (webtiles) character file.

Game seed: 8756778787087891588

294 greynaab the Chopper (level 6, -7/53 HPs)
             Began as a Gnoll Chaos Knight on Jan 20, 2022.
             Was a Plaything of Xom.
             Mangled by a wyvern zombie (15 damage)
             ... on level 4 of the Dungeon.
             The game lasted 00:05:06 (2493 turns).

greynaab the Chopper (Gnoll Chaos Knight)           Turns: 2493, Time: 00:05:07

Health: -7/53      AC: 10    Str: 14    XL:     6   Next: 33%
Magic:  8/8        EV: 10    Int: 11    God:    Xom [....*.]
Gold:   122        SH:  0    Dex: 11    Spells: 8/8 levels left

rFire   . . .      SeeInvis .   a - +0 hand axe (chaos)
rCold   . . .      Faith    .   (no shield)
rNeg    + . .      Spirit   .   f - +0 scale mail
rPois   .          Reflect  .   (no helmet)
rElec   .          Harm     .   (no cloak)
rCorr   .          Rampage  .   (no gloves)
Will    +....      Clarity  +   p - +0 pair of boots
Stlth   ..........              d - amulet of the acrobat
HPRegen 0.17/turn               g - ring of positive energy
MPRegen 0.11/turn               u - ring of willpower

@: no status effects
A: fangs 1, strong nose, distributed training, iridescent scales 1, clarity,
MP-powered wands
a: Renounce Religion


You were on level 4 of the Dungeon.
You worshipped Xom.
You were a beloved toy of Xom.
You visited 1 branch of the dungeon, and saw 4 of its levels.

You collected 122 gold pieces.

Inventory:

Hand Weapons
 a - a +0 hand axe of chaos (weapon)
Missiles
 c - 52 stones (quivered)
 e - 27 sling bullets
 i - 34 arrows
 n - 25 bolts
 r - 5 poisoned darts
Armour
 f - a +0 scale mail (worn)
 p - a +0 pair of boots (worn)
Jewellery
 d - an amulet of the acrobat (around neck)
 g - a ring of positive energy (left hand)
 u - a ring of willpower (right hand)
Scrolls
 b - a scroll of enchant armour {unknown}
 k - 2 scrolls of fog {unknown}
 l - a scroll of acquirement {unknown}
 m - a scroll of enchant weapon {unknown}
 t - a scroll of vulnerability {unknown}
Potions
 h - a potion of degeneration {unknown}
 j - 2 potions of might {unknown}
 o - a potion of curing {unknown}
 q - a potion of attraction {unknown}
 s - 2 potions of cancellation {unknown}


   Skills:
 + Level 6.8 Fighting
 + Level 1.9 Short Blades
 + Level 1.9 Long Blades
 + Level 6.8 Axes
 + Level 1.9 Maces & Flails
 + Level 1.9 Polearms
 + Level 1.9 Staves
 + Level 1.9 Slings
 + Level 1.9 Bows
 + Level 1.9 Crossbows
 + Level 1.9 Throwing
 + Level 5.0 Armour
 + Level 3.2 Dodging
 + Level 1.9 Stealth
 + Level 1.9 Shields
 + Level 1.9 Unarmed Combat
 + Level 1.9 Spellcasting
 + Level 1.5 Conjurations
 + Level 1.5 Hexes
 + Level 1.5 Summonings
 + Level 1.5 Necromancy
 + Level 1.5 Translocations
 + Level 1.5 Transmutations
 + Level 1.5 Fire Magic
 + Level 1.5 Ice Magic
 + Level 1.5 Air Magic
 + Level 1.5 Earth Magic
 + Level 1.5 Poison Magic
 + Level 2.1 Invocations
 + Level 1.9 Evocations


You had 8 spell levels left.
You didn't know any spells.
Your spell library contained the following spells:

 Spells                   Type           Power      Damage    Failure   Level
 Animate Skeleton         Necr           8%         N/A       52%         1
 Apportation              Tloc           8%         N/A       52%         1
 Summon Small Mammal      Summ           16%        N/A       52%         1
 Call Canine Familiar     Summ           4%         N/A       87%         3
 Summon Guardian Golem    Hex/Summ       4%         N/A       87%         3


Dungeon Overview and Level Annotations

Branches:
Dungeon (4/15)
 Temple: D:4-7

Altars:
Ashenzari


Innate Abilities, Weirdness & Mutations

You have very sharp teeth.
Your uncanny sense of smell can sniff out nearby items.
Your experience applies equally to all skills.
You are partially covered in iridescent scales. (AC +2)
You possess an exceptional clarity of mind.
You expend magic power (3 MP) to strengthen your wands.


Message History

There is an open door here.
You hit the wyvern zombie. You burn the wyvern zombie.
You bite the wyvern zombie, but do no damage.
The wyvern zombie is lightly damaged.
The wyvern zombie bites you but does no damage.
You hit the wyvern zombie but do no damage.
Space warps horribly around the wyvern zombie!!
Your bite misses the wyvern zombie.
The wyvern zombie is heavily damaged.
You are now a beloved toy of Xom.
The wyvern zombie bites you.
You barely miss the wyvern zombie. Your bite misses the wyvern zombie.
The wyvern zombie is heavily damaged.
The wyvern zombie bites you but does no damage.
You hit the wyvern zombie but do no damage.
The wyvern zombie flickers and vanishes!
Deactivating autopickup; reactivate with Ctrl-A.
Something bites you but does no damage. Something bites you!
No target in view!
No target in view!
No target in view!
Unknown command.
You hit something. Something bites you but does no damage.
You hit something. Something bites you.
You emit a cloud of colourful smoke!
You hit something.
Nothing appears to happen.
Something bites you but does no damage.
You hit something but do no damage.
Nothing appears to happen.
You bite something. Something bites you! x2
There is an open door here.
Something closely misses you. Something bites you.
* * * LOW HITPOINT WARNING * * *
Something bites you.
* * * LOW HITPOINT WARNING * * *
Something barely misses you. Something closely misses you.
There is a stone staircase leading up here.
Something bites you!
You die...

∆ ....#
....##
....#
#...#####
∆ ∆
....##.##
∆
#...#.@.#
∆ ∆
#...##.##
#...##.#
###'###.#
#...# #.#
#..## #.#
#.#####.#
∆
#.......#
#########


There were no monsters in sight!

Vanquished Creatures
  2 orc wizards (D:3)
  3 adders
  A worm (D:2)
  2 dart slugs
  2 orcs (D:3)
  7 bats
  3 endoplasms
  2 giant cockroaches
  3 goblins
  5 hobgoblins
  6 kobolds
  3 quokkas
  5 ball pythons
  5 frilled lizards
  5 rats
54 creatures vanquished.

Vanquished Creatures (collateral kills)
  Sigmund (D:3)
  An adder (D:3)
  An orc (D:3)
3 creatures vanquished.

Grand Total: 57 creatures vanquished

Notes
Turn   | Place    | Note
-------+----------+-------------------------------------------
     0 | D:1      | greynaab the Gnoll Chaos Knight began the quest for the
                  | Orb.
     0 | D:1      | Reached XP level 1. HP: 23/23 MP: 1/1
   275 | D:1      | Reached XP level 2. HP: 26/29 MP: 2/2
   301 | D:1      | XOM: silly message
   532 | D:1      | XOM: silly message
   978 | D:2      | Reached XP level 3. HP: 35/35 MP: 3/3
  1005 | D:2      | Found a broken altar of Ashenzari.
  1071 | D:2      | XOM: god gift: 17 gold pieces
  1153 | D:2      | XOM: divination: detect items
  1192 | D:2      | XOM: silly message
  1303 | D:2      | XOM: scenery: 1 doors open
  1315 | D:2      | Reached skill level 1 in Invocations
  1321 | D:2      | Reached skill level 1 in Short Blades
  1321 | D:2      | Reached skill level 1 in Long Blades
  1321 | D:2      | Reached skill level 1 in Maces & Flails
  1321 | D:2      | Reached skill level 1 in Polearms
  1321 | D:2      | Reached skill level 1 in Staves
  1321 | D:2      | Reached skill level 1 in Slings
  1321 | D:2      | Reached skill level 1 in Bows
  1321 | D:2      | Reached skill level 1 in Crossbows
  1321 | D:2      | Reached skill level 1 in Throwing
  1321 | D:2      | Reached skill level 1 in Stealth
  1321 | D:2      | Reached skill level 1 in Shields
  1321 | D:2      | Reached skill level 1 in Unarmed Combat
  1321 | D:2      | Reached skill level 1 in Spellcasting
  1321 | D:2      | Reached skill level 1 in Evocations
  1428 | D:2      | XOM: give mutations
  1428 | D:2      | Gained mutation: You are partially covered in iridescent
                  | scales. (AC +2) [Xom's grace]
  1428 | D:2      | Gained mutation: You possess an exceptional clarity of
                  | mind. [Xom's grace]
  1428 | D:2      | Gained mutation: You expend magic power (3 MP) to
                  | strengthen your wands. [Xom's grace]
  1532 | D:2      | Reached XP level 4. HP: 38/41 MP: 5/5
  1846 | D:3      | Noticed Sigmund
  1977 | D:3      | Reached skill level 1 in Conjurations
  1977 | D:3      | Reached skill level 1 in Hexes
  1977 | D:3      | Reached skill level 1 in Summonings
  1977 | D:3      | Reached skill level 1 in Necromancy
  1977 | D:3      | Reached skill level 1 in Translocations
  1977 | D:3      | Reached skill level 1 in Transmutations
  1977 | D:3      | Reached skill level 1 in Fire Magic
  1977 | D:3      | Reached skill level 1 in Ice Magic
  1977 | D:3      | Reached skill level 1 in Air Magic
  1977 | D:3      | Reached skill level 1 in Earth Magic
  1977 | D:3      | Reached skill level 1 in Poison Magic
  1995 | D:3      | Reached XP level 5. HP: 22/47 MP: 5/7
  2060 | D:3      | Killed Sigmund
  2061 | D:3      | Reached XP level 6. HP: 36/53 MP: 8/8
  2255 | D:3      | Reached skill level 5 in Armour
  2458 | D:4      | XOM: silly message
  2474 | D:4      | XOM: smoke on damage
  2493 | D:4      | Mangled by a wyvern zombie

Illustrated notes

Levels and vault maps discovered:
D:1:      minmay_arrival_stair_chambers, layout_loops_ring, minivault_25
D:2:      layout_basic, basic_altar, kennysheep_big_empty_room
D:3:      layout_rooms, uniq_sigmund
D:4:      layout_loops_ring, lightli_corner_chamber, uniq_eustachio

Skill      XL: |  1  2  3  4  5  6 |
---------------+-------------------+-----
Invocations    | 1 2 |  2.1
Short Blades   | 1 |  1.9
Long Blades    | 1 |  1.9
Maces & Flails | 1 |  1.9
Polearms       | 1 |  1.9
Staves         | 1 |  1.9
Slings         | 1 |  1.9
Bows           | 1 |  1.9
Crossbows      | 1 |  1.9
Throwing       | 1 |  1.9
Stealth        | 1 |  1.9
Shields        | 1 |  1.9
Unarmed Combat | 1 |  1.9
Spellcasting   | 1 |  1.9
Evocations     | 1 |  1.9
Conjurations   | 1 |  1.5
Hexes          | 1 |  1.5
Summonings     | 1 |  1.5
Necromancy     | 1 |  1.5
Translocations | 1 |  1.5
Transmutations | 1 |  1.5
Fire Magic     | 1 |  1.5
Ice Magic      | 1 |  1.5
Air Magic      | 1 |  1.5
Earth Magic    | 1 |  1.5
Poison Magic   | 1 |  1.5
Dodging        | 3 |  3.2
Armour         | 5 |  5.0
Fighting       | |  6.8
Axes           | |  6.8

Action                   |  1- 3 |  4- 6 || total
-------------------------+-------+-------++-------
Melee: Hand axe          |    99 |    63 ||   162
       Bite              |    10 |     9 ||    19
       Punch             |     1 |       ||     1
  Use: Potion            |     1 |       ||     1
 Stab: Sleeping          |       |     1 ||     1
Armor: Leather armour    |    29 |     2 ||    31
       Scale mail        |       |    32 ||    32
Dodge: Dodged            |    53 |    20 ||    73

Table legend: (Time is in decaauts)
 A = Elapsed time spent in this place.
 B = Non-inter-level travel time spent in this place.
 C = Inter-level travel time spent in this place.
 D = Time resting spent in this place.
 E = Time spent auto-exploring this place.
 F = Levels seen in this place.
 G = Mean time per level.
                   A        B        C        D        E       F      G
               +--------+--------+--------+--------+--------+-----+--------+
         Total |   2487 |   2379 |    108 |    178 |   1702 |   4 |  621.8 |
       Dungeon |   2487 |   2379 |    108 |    178 |   1702 |   4 |  621.8 |
               +--------+--------+--------+--------+--------+-----+--------+

Top non-repeatable levels by time:
     D:1: 973 daAuts
     D:2: 901 daAuts
     D:3: 568 daAuts
     D:4: 45 daAuts
